 Dungeon Crawl Stone Soup version 0.26-a0-651-gb41185065b (webtiles) character file.

Game seed: 7362610863608960830

79 Irenicus the Digger (level 4, -5/36 HPs)
             Began as a Deep Dwarf Earth Elementalist on Oct 28, 2020.
             Slain by a gnoll
             ... wielding a +0 spear
              (7 damage)
             ... on level 2 of the Dungeon.
             The game lasted 00:02:33 (642 turns).

Irenicus the Digger (Deep Dwarf Earth Elementalist)  Turns: 642, Time: 00:02:33

Health: -5/36      AC:  2    Str: 18    XL:     4   Next: 17%
Magic:  1/6        EV: 12    Int: 16    God:
Gold:   69         SH:  0    Dex: 13    Spells: 5/6 levels left

rFire    . . .     SeeInvis .   a - +1 hand axe (elec)
rCold    . . .     Faith    .   (no shield)
rNeg     . . .     Spirit   .   c - +0 robe
rPois    .         Reflect  .   (no helmet)
rElec    .         Harm     .   (no cloak)
rCorr    .         Rampage  .   (no gloves)
MR       .....                  (no boots)
Stlth    ++........             (no amulet)
HPRegen  0.00/turn              j - +6 ring of strength
MPRegen  0.10/turn              (no ring)

@: non-regenerating
A: damage resistance, heal wounds, sense surroundings 1, no regeneration
a: Heal Wounds


You were on level 2 of the Dungeon.
You visited 1 branch of the dungeon, and saw 2 of its levels.

You collected 69 gold pieces.

Inventory:

Hand Weapons
 a - a +1 hand axe of electrocution (weapon)
   (You found it on level 1 of the Dungeon)
Missiles
 b - 78 stones (quivered)
Armour
 c - a +0 robe (worn)
 l - a +0 ring mail
   (You found it on level 2 of the Dungeon)
Jewellery
 j - a +6 ring of strength (left hand)
   (You found it on level 1 of the Dungeon)
Scrolls
 e - a scroll of fear {unknown}
 f - a scroll of remove curse
 g - 2 scrolls of identify
 i - a scroll of teleportation {unknown}
 k - a scroll of enchant weapon {unknown}
Potions
 d - a potion of haste {unknown}
 h - a potion of flight


   Skills:
 - Level 2.1 Dodging
 - Level 2.4 Stealth
 - Level 1.7 Spellcasting
   Level 0.8 Transmutations
 + Level 6.7 Earth Magic


You had 5 spell levels left.
You knew the following spells:

 Your Spells              Type           Power        Failure   Level
a - Sandblast             Erth           ###...       1%          1

Your spell library contained the following spells:

 Spells                   Type           Power        Failure   Level
 Passwall                 Tmut/Erth      ##......     7%          2
 Stone Arrow              Conj/Erth      ##....       16%         3
 Lee's Rapid Deconstruct  Erth           ###.......   36%         5
 Petrify                  Tmut/Erth      ##......     41%         4


Dungeon Overview and Level Annotations

Branches:
Dungeon (2/15)

Altars:


Innate Abilities, Weirdness & Mutations

You are resistant to damage.
You can heal yourself by infusing magical energy.
You passively map a small area around you.
You do not regenerate.


Message History

You see here a leopard gecko corpse.
b - 59 stones (gained 16)
Things that are here:
a +0 dagger; a +0 hunting sling
Found a stone staircase leading down.
k - a scroll labeled WARUAGA FIMILO You open the door.
A giant cockroach comes into view.
There is an open door here.
Casting: Sandblast (safe; 1% risk of failure)
Confirm with . or Enter, or press ? or * to list all spells.
Aiming: Sandblast (safe; 1% risk of failure)
Press: ? - help, Shift-Dir - straight line, f - giant cockroach
Aim: a giant cockroach (wandering, hasn't noticed you)
The blast of sand hits the giant cockroach.
The giant cockroach is moderately wounded.
b - 58 stones The giant cockroach closely misses you.
You now have 2/5 mp.
Casting: Sandblast (safe; 1% risk of failure)
Confirm with . or Enter, or press ? or * to list all spells.
Aiming: Sandblast (safe; 1% risk of failure)
Press: ? - help, Shift-Dir - straight line, f/p - giant cockroach
Aim: a giant cockroach (moderately wounded)
The blast of sand hits the giant cockroach!
You kill the giant cockroach!
b - 57 stones You now have 1/5 mp. 3 gnolls come into view.
A gnoll comes into view. It is wielding a +0 club.
The gnoll shouts! x3
You see here a ring mail.
l - a ring mail
Casting: Sandblast (safe; 1% risk of failure)
Confirm with . or Enter, or press ? or * to list all spells.
Aiming: Sandblast (safe; 1% risk of failure)
Press: ? - help, Shift-Dir - straight line, f - gnoll
Aim: a gnoll, wielding a +0 club The blast of sand hits the gnoll!
You kill the gnoll!
b - 56 stones You now have 1/5 mp.
Casting: Sandblast (safe; 1% risk of failure)
Confirm with . or Enter, or press ? or * to list all spells.
Aiming: Sandblast (safe; 1% risk of failure)
Press: ? - help, Shift-Dir - straight line, f - gnoll
Aim: a gnoll, wielding a +0 club The blast of sand hits the gnoll.
The gnoll is heavily wounded.
b - 55 stones You now have 0/5 mp.
Casting: Sandblast (safe; 1% risk of failure)
Confirm with . or Enter, or press ? or * to list all spells.
You don't have enough magic to cast that spell.
Unknown command.
Casting: Sandblast (safe; 1% risk of failure)
Confirm with . or Enter, or press ? or * to list all spells.
Aiming: Sandblast (safe; 1% risk of failure)
Press: ? - help, Shift-Dir - straight line, f/p - gnoll
Aim: a gnoll, wielding a +0 club (heavily wounded)
The blast of sand hits the gnoll!
You kill the gnoll!
You have reached level 4!
You feel stronger.
b - 54 stones You regained 5 hp, and now have 21/36 hp.
You now have 0/6 mp.
You open the door.
A leopard gecko comes into view.
There is an open door here.
The helpless leopard gecko fails to defend itself.
You hit the leopard gecko.
The leopard gecko is lightly wounded.
The leopard gecko barely misses you. The gnoll closely misses you.
The leopard gecko closely misses you. The leopard gecko bites you.
You see here 24 stones.
b - 78 stones (gained 24)
The gnoll barely misses you.
The leopard gecko bites you but does no damage.
The leopard gecko misses you. The gnoll hits you with a +0 spear!
The gnoll misses you.
You take 8 damage, and have 13/36 hp.
MASSIVE DAMAGE!!
You hit the gnoll.
The gnoll is heavily wounded.
You closely miss the leopard gecko. You hit the gnoll but do no damage.
The leopard gecko closely misses you. The gnoll hits you with a +0 spear.
* * * LOW HITPOINT WARNING * * *
The gnoll barely misses you. The leopard gecko bites you.
* * * LOW HITPOINT WARNING * * *
You take 5 damage, and have 8/36 hp.
You hit the gnoll. Lightning courses through the gnoll!!
You kill the gnoll!
You hit the leopard gecko.
Lightning courses through the leopard gecko!!
You kill the leopard gecko!
You closely miss the gnoll. The gnoll hits you with a +0 spear!
* * * LOW HITPOINT WARNING * * *
The gnoll hits you with a +0 spear!
You die...

*, #.......#
##..# ***
#.......#
#..#
#g......#
#..#
#.#######
#.># #.# *
##.#
####'##### ,
..#
#........# *
###
#....g)..# ,
,
#.....@..#**
* #.....†..#
* #........#
* #........#
, #........#
* #.....(..#
#........#
,+........#
#........#


You could see a gnoll.

Vanquished Creatures
  An adder (D:2)
  3 gnolls (D:2)
  A worm (D:2)
  A dart slug (D:1)
  3 leopard geckos
  3 bats (D:1)
  2 giant cockroaches
  5 goblins
  4 hobgoblins (D:1)
  2 jackals (D:1)
  2 frilled lizards (D:1)
  2 kobolds (D:1)
  5 rats (D:1)
34 creatures vanquished.

Notes
Turn   | Place    | Note
-------+----------+-------------------------------------------
     0 | D:1      | Irenicus the Deep Dwarf Earth Elementalist began the quest
                  | for the Orb.
     0 | D:1      | Reached XP level 1. HP: 15/15 MP: 3/3
   121 | D:1      | Reached XP level 2. HP: 11/22 MP: 2/4
   230 | D:1      | Reached skill level 5 in Earth Magic
   475 | D:1      | Reached XP level 3. HP: 12/28 MP: 5/5
   520 | D:1      | HP: 6/28 [leopard gecko (4)]
   523 | D:1      | HP: 2/28 [leopard gecko (4)]
   576 | D:2      | Reached skill level 6 in Earth Magic
   631 | D:2      | Reached XP level 4. HP: 21/36 MP: 0/6
   641 | D:2      | HP: 9/36 [gnoll/+0 spear (4)]
   642 | D:2      | HP: 2/36 [gnoll/+0 spear (6)]
   642 | D:2      | Slain by a gnoll

Illustrated notes

Levels and vault maps discovered:
D:1:      co_arrival_square_in_a_square_in_a_square, layout_loops_ring
D:2:      layout_basic, minmay_misc_feat_enclosed

Skill      XL: |  1  2  3 |
---------------+----------+-----
Earth Magic    | 5 6 |  6.7
Dodging        | |  2.1
Stealth        | |  2.4
Spellcasting   | |  1.7
Transmutations | |  0.8

Action                   |  1- 3 |  4- 6 || total
-------------------------+-------+-------++-------
Melee: Hand axe          |    28 |     3 ||    31
 Cast: Sandblast         |    31 |     1 ||    32
 Abil: Heal Wounds       |     1 |       ||     1
  Use: Scroll            |     2 |       ||     2
 Stab: Sleeping          |     2 |     1 ||     3
Armor: Robe              |    13 |     1 ||    14
Dodge: Dodged            |    22 |     8 ||    30

Table legend: (Time is in decaauts)
 A = Elapsed time spent in this place.
 B = Non-inter-level travel time spent in this place.
 C = Inter-level travel time spent in this place.
 D = Time resting spent in this place.
 E = Time spent auto-exploring this place.
 F = Levels seen in this place.
 G = Mean time per level.
                   A        B        C        D        E       F      G
               +--------+--------+--------+--------+--------+-----+--------+
         Total |    648 |    629 |     19 |      0 |    295 |   2 |  324.0 |
       Dungeon |    648 |    629 |     19 |      0 |    295 |   2 |  324.0 |
               +--------+--------+--------+--------+--------+-----+--------+

Top non-repeatable levels by time:
     D:1: 559 daAuts
     D:2: 89 daAuts

Table legend:
 A = Kills in this place as a percentage of kills in entire the game.
 B = Kills by you in this place as a percentage of kills by you in the entire game.
 C = Kills by friends in this place as a percentage of kills by friends in the entire game.
 D = Other kills in this place as a percentage of other kills in the entire game.
 E = Experience gained in this place as a percentage of experience gained in the entire game.
 F = Experience gained in this place divided by the number of levels of this place that you have seen.
                   A       B       C       D       E      F
               +-------+-------+-------+-------+-------+----------------------
         Total | 100.0 | 100.0 |   N/A |   N/A | 100.0 |  57.0
       Dungeon | 100.0 | 100.0 |   N/A |   N/A | 100.0 |  57.0
               +-------+-------+-------+-------+-------+----------------------
